TOP OF THE 1ST |
Clearwater Threshers batting - Pitching for Jupiter Hammerheads : RHP Tim Barnett
|
Pitching: RHP Tim Barnett
|
|
Batting: LHB Osamu Kubo
|
0-0: Ball 1-0: Ball 2-0: Swinging Strike 2-1: Swinging Strike 2-2: Strikes out swinging
|
Batting: RHB Alberto Ramirez
|
0-0: Ground out 5-3 (Groundball, 56S, EV 83.1 MPH)
|
Batting: SHB Lance Franklin
|
0-0: Ball 1-0: Swinging Strike 1-1: Ball 2-1: Called Strike 2-2: Strikes out swinging
|
Top of the 1st over - 0 runs, 0 hits, 0 errors, 0 left on base; Clearwater 0 - Jupiter 0 |
BOTTOM OF THE 1ST |
Jupiter Hammerheads batting - Pitching for Clearwater Threshers : RHP William-Floyd Goof
|
Pitching: RHP William-Floyd Goof
|
|
Batting: RHB Torquato Obawole
|
0-0: Foul Ball, location: 2F 0-1: Ball 1-1: Hit by Pitch
|
Batting: RHB Jordan Arcidez
|
0-0: Called Strike 0-1: Ball 1-1: Foul Ball, location: 2F 1-2: Foul Ball, location: 2F 1-2: Grounds into double play, 5-4-3 (Groundball, 56S, EV 91.3 MPH)
|
Batting: LHB Jose Bregaro
|
0-0: Ball 1-0: Swinging Strike 1-1: Foul Ball, location: 2F 1-2: Ball 2-2: Ball 3-2: Ground out 6-3 (Groundball, P, EV 83.1 MPH)
|
Bottom of the 1st over - 0 runs, 0 hits, 0 errors, 0 left on base; Clearwater 0 - Jupiter 0 |
TOP OF THE 2ND |
Clearwater Threshers batting - Pitching for Jupiter Hammerheads : RHP Tim Barnett
|
Batting: RHB Josh Hensley
|
0-0: Fly out, F6 (Flyball, 6D, EV 83.8 MPH)
|
Batting: LHB Danny Hill
|
0-0: Called Strike 0-1: Called Strike 0-2: Foul Ball, location: 2F 0-2: Ball 1-2: Ground out 6-3 (Groundball, 6, EV 81.3 MPH)
|
Batting: RHB Mark Schultz
|
0-0: Ball 1-0: Swinging Strike 1-1: Foul Ball, location: 2F 1-2: Foul Ball, location: 2F 1-2: Fly out, F8 (Flyball, 8RD, EV 86.3 MPH)
|
Top of the 2nd over - 0 runs, 0 hits, 0 errors, 0 left on base; Clearwater 0 - Jupiter 0 |
BOTTOM OF THE 2ND |
Jupiter Hammerheads batting - Pitching for Clearwater Threshers : RHP William-Floyd Goof
|
Batting: LHB Jose Cabello
|
0-0: Swinging Strike 0-1: Fly out, F4 (Popup, 3D, EV 70.6 MPH)
|
Batting: RHB Wei-guo Tsu
|
0-0: Fly out, F3 (Popup, 34, EV 65.6 MPH)
|
Batting: RHB German Mendoza
|
0-0: Called Strike 0-1: Foul Ball, location: 2F 0-2: Ball 1-2: Foul Ball, location: 2F 1-2: Foul Ball, location: 2F 1-2: Ball 2-2: Foul Ball, location: 2F 2-2: Ball 3-2: Foul Ball, location: 2F 3-2: Foul Ball, location: 2F 3-2: Base on Balls
|
Batting: SHB Yoo-chul Jung
|
0-0: Called Strike 0-1: Fielders Choice at 2nd, 5-4 (Groundball, 56, EV 107.5 MPH)
|
Bottom of the 2nd over - 0 runs, 0 hits, 0 errors, 1 left on base; Clearwater 0 - Jupiter 0 |
TOP OF THE 3RD |
Clearwater Threshers batting - Pitching for Jupiter Hammerheads : RHP Tim Barnett
|
Batting: RHB Chris Myers
|
0-0: Ball 1-0: Foul Ball, location: 2F 1-1: Called Strike 1-2: Ball 2-2: Strikes out swinging
|
Batting: SHB Benjamin Brown
|
0-0: Ball 1-0: Fly out, F8 (Flyball, 89D, EV 91.3 MPH)
|
Batting: RHB Kyle Reilly
|
0-0: Ball 1-0: Swinging Strike 1-1: Swinging Strike 1-2: Foul Ball, location: 2F 1-2: Ball 2-2: Foul Ball, location: 2F 2-2: Ball 3-2: Foul Ball, location: 2F 3-2: Foul Ball, location: 2F 3-2: Strikes out swinging
|
Top of the 3rd over - 0 runs, 0 hits, 0 errors, 0 left on base; Clearwater 0 - Jupiter 0 |
BOTTOM OF THE 3RD |
Jupiter Hammerheads batting - Pitching for Clearwater Threshers : RHP William-Floyd Goof
|
Batting: RHB Marco Sianez
|
0-0: Called Strike 0-1: Ground out U3 (Groundball, 3, EV 105.0 MPH)
|
Batting: RHB Wilson Valdez
|
0-0: Ball 1-0: Called Strike 1-1: Swinging Strike 1-2: Strikes out swinging
|
Batting: RHB Torquato Obawole
|
0-0: Called Strike 0-1: Ball 1-1: SINGLE (Line Drive, 6M, EV 99.4 MPH)
|
Batting: RHB Jordan Arcidez
|
0-0: Ball Torquato Obawole is caught stealing 2nd base 2-4
|
Bottom of the 3rd over - 0 runs, 1 hit, 0 errors, 0 left on base; Clearwater 0 - Jupiter 0 |
TOP OF THE 4TH |
Clearwater Threshers batting - Pitching for Jupiter Hammerheads : RHP Tim Barnett
|
Batting: LHB Osamu Kubo
|
0-0: Called Strike 0-1: Foul Ball, location: 2F 0-2: Ball 1-2: Ball 2-2: SINGLE (Line Drive, 89S, EV 93.8 MPH)
|
Batting: RHB Alberto Ramirez
|
0-0: Called Strike 0-1: Fielders Choice at 2nd, 1-6 (Groundball, 34S, EV 68.8 MPH)
|
Batting: SHB Lance Franklin
|
0-0: Ball Alberto Ramirez steals 2nd base (no throw) 1-0: Foul Ball, location: 2F 1-1: Foul Ball, location: 2F 1-2: Foul Ball, location: 2F 1-2: Foul Ball, location: 2F 1-2: Ball 2-2: Ball 3-2: Foul Ball, location: 2F 3-2: DOUBLE (Line Drive, 7LS, EV 98.8 MPH) Alberto Ramirez scores
|
Batting: RHB Josh Hensley
|
0-0: Called Strike 0-1: Foul Ball, location: 2F 0-2: Ground out 4-3 (Groundball, 4S, EV 92.5 MPH) Lance Franklin to third
|
Batting: LHB Danny Hill
|
0-0: Ball 1-0: Ball 2-0: Ball 3-0: Base on Balls
|
Batting: RHB Mark Schultz
|
0-0: Swinging Strike 0-1: Foul Ball, location: 2F 0-2: Ball Danny Hill is caught stealing 2nd base 2-4
|
Top of the 4th over - 1 run, 2 hits, 0 errors, 1 left on base; Clearwater 1 - Jupiter 0 |
BOTTOM OF THE 4TH |
Jupiter Hammerheads batting - Pitching for Clearwater Threshers : RHP William-Floyd Goof
|
Batting: RHB Jordan Arcidez
|
0-0: Ground out 5-3 (Groundball, 5, EV 100.6 MPH)
|
Batting: LHB Jose Bregaro
|
0-0: Called Strike 0-1: SOLO HOME RUN (Flyball, 89XD, EV 106.9 MPH), Distance : 398 ft
|
Batting: LHB Jose Cabello
|
0-0: Called Strike 0-1: Ball 1-1: Ball 2-1: SINGLE (Groundball, 34D, EV 100.6 MPH)
|
Batting: RHB Wei-guo Tsu
|
0-0: Fly out, F8 (Flyball, 89D, EV 91.3 MPH)
|
Batting: RHB German Mendoza
|
0-0: Foul Ball, location: 2F 0-1: Ball 1-1: Called Strike 1-2: Ball 2-2: SINGLE (Line Drive, 8LS, EV 89.4 MPH) Jose Cabello to second
|
Batting: SHB Yoo-chul Jung
|
0-0: SINGLE (Groundball, 3D, EV 94.4 MPH) Jose Cabello to third German Mendoza to second Runner from 3rd tries for Home, SAFE, throw by RF to home
|
Batting: RHB Marco Sianez
|
0-0: Called Strike 0-1: Ball 1-1: Ball 2-1: Foul Ball, location: 2F 2-2: Hit by Pitch German Mendoza to third Yoo-chul Jung to second
|
Batting: RHB Wilson Valdez
|
0-0: Swinging Strike 0-1: Swinging Strike 0-2: Foul Ball, location: 2F 0-2: Fly out, F6 (Popup, 6M, EV 58.1 MPH)
|
Bottom of the 4th over - 2 runs, 4 hits, 0 errors, 3 left on base; Clearwater 1 - Jupiter 2 |
TOP OF THE 5TH |
Clearwater Threshers batting - Pitching for Jupiter Hammerheads : RHP Tim Barnett
|
Batting: RHB Mark Schultz
|
0-0: Called Strike 0-1: SINGLE (Groundball, 13S, EV 68.8 MPH) (infield hit)
|
Batting: RHB Chris Myers
|
0-0: Fly out, F8 (Flyball, 8RD, EV 83.8 MPH)
|
Batting: SHB Benjamin Brown
|
0-0: Ball Mark Schultz steals 2nd base 1-0: Foul Ball, location: 2F 1-1: Foul Ball, location: 2F 1-2: Strikes out swinging
|
Batting: RHB Kyle Reilly
|
0-0: Ball 1-0: Called Strike 1-1: Ball 2-1: Foul Ball, location: 2F 2-2: Ball Wild Pitch! Mark Schultz to third 3-2: SINGLE (Line Drive, 56D, EV 100.0 MPH) Mark Schultz scores
|
Batting: LHB Osamu Kubo
|
0-0: Ball Kyle Reilly steals 2nd base 1-0: Called Strike 1-1: Ground out 5-3 (Groundball, 5, EV 83.1 MPH)
|
Top of the 5th over - 1 run, 2 hits, 0 errors, 1 left on base; Clearwater 2 - Jupiter 2 |
BOTTOM OF THE 5TH |
Jupiter Hammerheads batting - Pitching for Clearwater Threshers : RHP William-Floyd Goof
|
Batting: RHB Torquato Obawole
|
0-0: Called Strike 0-1: Ground out 5-3 (Groundball, 56S, EV 72.5 MPH)
|
Batting: RHB Jordan Arcidez
|
0-0: Swinging Strike 0-1: Called Strike 0-2: Strikes out looking
|
Batting: LHB Jose Bregaro
|
0-0: Ball 1-0: Called Strike 1-1: Foul Ball, location: 2F 1-2: Foul Ball, location: 2F 1-2: Ball 2-2: Strikes out looking
|
Bottom of the 5th over - 0 runs, 0 hits, 0 errors, 0 left on base; Clearwater 2 - Jupiter 2 |
TOP OF THE 6TH |
Clearwater Threshers batting - Pitching for Jupiter Hammerheads : RHP Tim Barnett
|
Pitching: RHP Gabe Behrend
|
|
Batting: RHB Alberto Ramirez
|
0-0: Ball 1-0: Ball 2-0: Fly out, F5 (Line Drive, 5, EV 65.0 MPH)
|
Batting: SHB Lance Franklin
|
0-0: Foul Ball, location: 2F 0-1: Foul Ball, location: 2F 0-2: Ball 1-2: Foul Ball, location: 2F 1-2: Ball 2-2: Ball 3-2: Fly out, F9 (Flyball, 89S, EV 90.0 MPH)
|
Batting: RHB Josh Hensley
|
0-0: Called Strike 0-1: Ball 1-1: Ball 2-1: Ball 3-1: Swinging Strike 3-2: Foul Ball, location: 2F 3-2: Strikes out looking
|
Top of the 6th over - 0 runs, 0 hits, 0 errors, 0 left on base; Clearwater 2 - Jupiter 2 |
BOTTOM OF THE 6TH |
Jupiter Hammerheads batting - Pitching for Clearwater Threshers : RHP William-Floyd Goof
|
Batting: LHB Jose Cabello
|
0-0: Ground out 4-3 (Groundball, 4, EV 104.4 MPH)
|
Pitching: RHP Chris Lee
|
|
Batting: RHB Wei-guo Tsu
|
0-0: Called Strike 0-1: Ball 1-1: Foul Ball, location: 2F 1-2: Foul Ball, location: 2F 1-2: Ball 2-2: Ball 3-2: Ground out U3 (Groundball, 34, EV 89.4 MPH)
|
Batting: RHB German Mendoza
|
0-0: Called Strike 0-1: Foul Ball, location: 2F 0-2: Ball 1-2: Ball 2-2: Foul Ball, location: 2F 2-2: Strikes out swinging
|
Bottom of the 6th over - 0 runs, 0 hits, 0 errors, 0 left on base; Clearwater 2 - Jupiter 2 |
TOP OF THE 7TH |
Clearwater Threshers batting - Pitching for Jupiter Hammerheads : RHP Gabe Behrend
|
Batting: LHB Danny Hill
|
0-0: Foul Ball, location: 2F 0-1: SINGLE (Line Drive, 6D, EV 107.5 MPH)
|
Batting: LHB Chad Persaud
|
|
Pitching: LHP Bryan Wedge
|
|
Batting: RHB Chris Pounds
|
0-0: Ball 1-0: Swinging Strike 1-1: Called Strike 1-2: Foul Ball, location: 2F 1-2: Foul Ball, location: 2F 1-2: Strikes out swinging
|
Pitching: RHP Reinaart Meyer
|
|
Batting: RHB Chris Myers
|
0-0: Ball 1-0: Called Strike Danny Hill steals 2nd base 1-1: Ground out 5-3 (Groundball, 56, EV 103.8 MPH)
|
Batting: SHB Benjamin Brown
|
0-0: SINGLE (Groundball, 6MD, EV 102.5 MPH) Danny Hill to third Runner from 3rd tries for Home, throw by CF and OUT! 8-2
|
Top of the 7th over - 0 runs, 2 hits, 0 errors, 1 left on base; Clearwater 2 - Jupiter 2 |
BOTTOM OF THE 7TH |
Jupiter Hammerheads batting - Pitching for Clearwater Threshers : RHP Chris Lee
|
Batting: SHB Yoo-chul Jung
|
0-0: Called Strike 0-1: Ball 1-1: Ground out 6-3 (Groundball, 6, EV 94.4 MPH)
|
Batting: RHB Marco Sianez
|
0-0: Called Strike 0-1: Foul Ball, location: 2F 0-2: Foul Ball, location: 2F 0-2: Strikes out swinging
|
Batting: RHB Wilson Valdez
|
0-0: Ball 1-0: Fly out, F3 (Line Drive, 3, EV 65.6 MPH)
|
Bottom of the 7th over - 0 runs, 0 hits, 0 errors, 0 left on base; Clearwater 2 - Jupiter 2 |
TOP OF THE 8TH |
Clearwater Threshers batting - Pitching for Jupiter Hammerheads : RHP Reinaart Meyer
|
Batting: RHB Kyle Reilly
|
0-0: Called Strike 0-1: Foul Ball, location: 2F 0-2: Ground out 6-3 (Groundball, 6D, EV 103.8 MPH)
|
Batting: LHB Osamu Kubo
|
0-0: Foul Ball, location: 2F 0-1: Ball 1-1: Foul Ball, location: 2F 1-2: Ground out 5-3 (Groundball, 5, EV 101.3 MPH)
|
Batting: RHB Alberto Ramirez
|
0-0: SINGLE (Line Drive, 4D, EV 107.5 MPH)
|
Batting: SHB Lance Franklin
|
0-0: Called Strike 0-1: Foul Ball, location: 2F 0-2: DOUBLE (Line Drive, 78D, EV 108.8 MPH) Alberto Ramirez to third
|
Batting: RHB Josh Hensley
|
0-0: DOUBLE (Line Drive, 8RD, EV 93.1 MPH) Alberto Ramirez scores Lance Franklin scores
|
Batting: LHB Danny Hill
|
0-0: Called Strike 0-1: Called Strike 0-2: Foul Ball, location: 2F 0-2: Ball 1-2: Ball 2-2: SINGLE (Line Drive, 78S, EV 106.3 MPH) Josh Hensley to third
|
Batting: RHB Chris Pounds
|
0-0: Swinging Strike 0-1: Ball 1-1: Foul Ball, location: 2F 1-2: Ball 2-2: Ball 3-2: 3-RUN HOME RUN (Flyball, 7LD, EV 92.5 MPH), Distance : 349 ft
|
Pitching: LHP Melvin Castro
|
|
Batting: RHB Chris Myers
|
0-0: Ball 1-0: Called Strike 1-1: Swinging Strike 1-2: Strikes out looking
|
Top of the 8th over - 5 runs, 5 hits, 0 errors, 0 left on base; Clearwater 7 - Jupiter 2 |
BOTTOM OF THE 8TH |
Jupiter Hammerheads batting - Pitching for Clearwater Threshers : RHP Chris Lee
|
Batting: RHB Torquato Obawole
|
0-0: Called Strike 0-1: Ball 1-1: Foul Ball, location: 2F 1-2: Foul Ball, location: 2F 1-2: Strikes out swinging
|
Batting: RHB Jordan Arcidez
|
0-0: Called Strike 0-1: Ball 1-1: Ball 2-1: Ball 3-1: Foul Ball, location: 2F 3-2: Foul Ball, location: 2F 3-2: Foul Ball, location: 2F 3-2: Strikes out swinging
|
Batting: LHB Jose Bregaro
|
0-0: Swinging Strike 0-1: Called Strike 0-2: Ball 1-2: Ball 2-2: Ball 3-2: Fly out, F4 (Line Drive, 4, EV 66.9 MPH)
|
Bottom of the 8th over - 0 runs, 0 hits, 0 errors, 0 left on base; Clearwater 7 - Jupiter 2 |
TOP OF THE 9TH |
Clearwater Threshers batting - Pitching for Jupiter Hammerheads : LHP Melvin Castro
|
Batting: SHB Benjamin Brown
|
0-0: Fly out, F7 (Line Drive, 7, EV 103.1 MPH)
|
Batting: RHB Kyle Reilly
|
0-0: Called Strike 0-1: Called Strike 0-2: Foul Ball, location: 2F 0-2: Ground out U3 (Groundball, 3S, EV 70.0 MPH)
|
Batting: LHB Osamu Kubo
|
0-0: Called Strike 0-1: Foul Ball, location: 2F 0-2: Foul Ball, location: 2F 0-2: Ball 1-2: Ground out 1-3 (Groundball, 15S, EV 66.3 MPH)
|
Top of the 9th over - 0 runs, 0 hits, 0 errors, 0 left on base; Clearwater 7 - Jupiter 2 |
BOTTOM OF THE 9TH |
Jupiter Hammerheads batting - Pitching for Clearwater Threshers : RHP Chris Lee
|
Batting: LHB Jose Cabello
|
0-0: Ball 1-0: Ball 2-0: Foul Ball, location: 2F 2-1: Swinging Strike 2-2: Strikes out swinging
|
Batting: RHB Wei-guo Tsu
|
0-0: Foul Ball, location: 2F 0-1: Ground out 5-3 (Groundball, 56, EV 78.8 MPH)
|
Batting: RHB German Mendoza
|
0-0: Ground out 4-3 (Groundball, 4, EV 96.3 MPH)
|
Bottom of the 9th over - 0 runs, 0 hits, 0 errors, 0 left on base; Clearwater 7 - Jupiter 2 |
|